 Dungeon Crawl Stone Soup version 0.31.0-11-ge490571c62 (webtiles) character file.

Game seed: 2856154154478417638

98 qw the Shooter (level 4, 0/25 HPs)
             Began as a Deep Elf Hunter on Feb 4, 2024.
             Slain by an orc
             ... wielding a +0 short sword
              (3 damage)
             ... on level 2 of the Dungeon.
             The game lasted 00:00:04 (1273 turns).

qw the Shooter (Deep Elf Hunter)                    Turns: 1273, Time: 00:00:05

Health: 0/25       AC:  6    Str: 10    XL:     4   Next: 44%
Magic:  6/6        EV: 11    Int: 14    God:
Gold:   97         SH:  0    Dex: 18    Spells: 3/3 levels left

rFire   . . .        a - +1 shortbow
rCold   . . .        (shield currently unavailable)
rNeg    . . .        b - +0 ring mail
rPois   .            d - +0 helmet
rElec   .            (no cloak)
rCorr   .            (no gloves)
SInv    .            (no boots)
Will    .....        (no amulet)
Stlth   +            (no ring)
HPRegen 0.24/turn    (no ring)
MPRegen 0.10/turn

%: no passive effects
@: no status effects
A: no striking features
a: no special abilities


You were on level 2 of the Dungeon.
You visited 1 branch of the dungeon, and saw 3 of its levels.

You collected 97 gold pieces.


   Skills:
 - Level 1.5 Fighting
 + Level 7.9 Ranged Weapons
 - Level 2.4 Dodging
 - Level 1.2 Stealth


You had 3 spell levels left.
You didn't know any spells.
Your spell library was empty.

Inventory:

Hand Weapons
 a - a +1 shortbow (weapon)
Armour
 b - a +0 ring mail (worn)
 d - a +0 helmet (worn)
Potions
 f - a potion of cancellation {unknown}
 g - a potion of berserk rage {unknown}

Dungeon Overview and Level Annotations

Branches:
Dungeon (3/15)

Altars:
Makhleb


Message History

You climb downwards.
The orc shouts!
The orc hits you with a +0 short sword. The orc hits you with a +0 whip.
The orc hits you with a +0 short sword.
There is a stone staircase leading up here.
1265 ||| STAIRDANCE The orc barely misses you.
The orc hits you but does no damage.
You climb upwards.
There is a stone staircase leading down here.
You shoot an arrow. The arrow hits the orc.
The orc is lightly wounded.
The orc hits you with a +0 whip. The orc barely misses you.
The orc hits you but does no damage.
You shoot an arrow.
The arrow hits the orc but does no damage.
The orc is lightly wounded.
The orc hits you with a +0 whip. The orc barely misses you.
The orc hits you with a +0 short sword.
You shoot an arrow. The arrow hits the orc.
The orc is severely wounded.
The orc barely misses you.
The orc hits you with a +0 short sword. x2
The orc misses you. The orc hits you but does no damage.
The orc closely misses you.
You shoot an arrow.
The arrow hits the orc but does no damage.
The orc is severely wounded.
The orc closely misses you. The orc barely misses you.
The orc hits you with a +0 short sword.
You shoot an arrow.
The arrow hits the orc but does no damage.
The orc is severely wounded.
The orc closely misses you. The orc hits you but does no damage.
The orc closely misses you.
You shoot an arrow. The arrow hits the orc.
You kill the orc!
The orc hits you with a +0 short sword. The orc barely misses you.
You shoot an arrow. The arrow hits the orc.
The orc is heavily wounded.
The orc hits you with a +0 short sword. x2
You die...

#.# #..........# ##.#
#......#.#.#
...#########.#..###.#.#
#..........##.#.# #.#.#
#.########.##.#.# #...#
#.### #.##.#.# ##..#
#...# #.##.#.# #..#
#...# #.##.#o####..#
#...# #...#.o@)....#
##.## ####.#.###...#
#.# #.#.......# #.#
#.#####..## ##.#
#.#...#..# #..#
#........# .[.####
#........# ......#
######...#...#
......###....%.......#


You could see 2 orcs.

Vanquished Creatures
  5 adders (D:2)
  A gnoll (D:1)
  A ribbon worm (D:2)
  A dart slug (D:1)
  2 orcs (D:2)
  6 endoplasms (D:1)
  3 giant cockroaches
  2 goblins
  A hobgoblin (D:1)
  A quokka (D:1)
  4 ball pythons
  2 bats (D:1)
  3 frilled lizards
  3 kobolds (D:1)
  2 rats
37 creatures vanquished.

Notes
Turn   | Place    | Note
-------+----------+-------------------------------------------
     0 | D:1      | qw the Deep Elf Hunter began the quest for the Orb.
     0 | D:1      | Reached XP level 1. HP: 12/12 MP: 3/3
     0 | D:1      | 0 ||| qw: Version: 0.3-a-160-g6735b56
     0 | D:1      | 0 ||| qw: Game counter: 4897
     0 | D:1      | 0 ||| qw: Melee chars always use a shield: true
     0 | D:1      | 0 ||| qw: God list: Okawaru
     0 | D:1      | 0 ||| qw: Allow faded altars: false
     0 | D:1      | 0 ||| qw: Do Orc after clearing Dungeon:15 true
     0 | D:1      | 0 ||| qw: Do second Lair branch before Depths: true
     0 | D:1      | 0 ||| qw: Lair rune preference: random
     0 | D:1      | 0 ||| qw: Goals: Normal
     0 | D:1      | 0 ||| PLANNING D:1-11
   113 | D:1      | Reached XP level 2. HP: 16/16 MP: 4/4
   125 | D:1      | Reached skill level 6 in Ranged Weapons
   346 | D:1      | Reached XP level 3. HP: 20/20 MP: 5/5
   580 | D:1      | 580 ||| UPGRADING to +0 helmet.
   585 | D:1      | 585 ||| READING scroll labelled PAYRIE OTIAFO.
   586 | D:1      | 586 ||| READING scroll labelled WIGAIM XOAHO.
   586 | D:1      | 586 ||| IDENTIFYING smoky black potion
   587 | D:1      | 587 ||| READING scroll labelled WAUXECALIM.
   587 | D:1      | 587 ||| ENCHANTING +0 shortbow.
   588 | D:1      | 588 ||| DROPPING scroll of butterflies.
   589 | D:1      | 589 ||| DROPPING potion of attraction.
   615 | D:2      | Reached skill level 7 in Ranged Weapons
   845 | D:2      | Found a burning altar of Makhleb.
   926 | D:2      | Reached XP level 4. HP: 25/25 MP: 6/6
  1203 | D:2      | 1203 ||| UPGRADING to +0 ring mail.
  1213 | D:2      | 1213 ||| DROPPING +0 leather armour.
  1214 | D:2      | 1214 ||| READING scroll labelled TAEHIM ZEAGGEO.
  1215 | D:2      | 1215 ||| READING scroll labelled CEYSTRA ZOCLOET.
  1254 | D:3      | 1254 ||| STAIRDANCE
  1265 | D:3      | 1265 ||| STAIRDANCE
  1272 | D:2      | HP: 4/25 [orc/+0 short sword (4)]
  1273 | D:2      | Slain by an orc

Levels and vault maps discovered:
D:1:      lightli_arrival_lavapool, layout_basic, minmay_tetromino_t2
D:2:      layout_loops_ring, basic_altar
D:3:      layout_rooms, mainiacjoe_overflow_catwalk_spiral, uniq_ijyb

Skill      XL: |  1  2  3 |
---------------+----------+-----
Ranged Weapons | 6 7 |  7.9
Fighting       | |  1.5
Dodging        | |  2.4
Stealth        | |  1.2

Action                     |  1- 3 |  4- 6 || total
---------------------------+-------+-------++-------
   Fire: Shortbow          |    98 |    25 ||   123
    Use: Scroll            |     3 |     2 ||     5
 Armour: Leather armour    |    14 |       ||    14
         Ring mail         |       |    19 ||    19
  Dodge: Dodged            |    16 |    18 ||    34

Table legend:
 A = Non-vault XP
 B = Vault XP
 C = Vault XP percentage of total XP
 D = Non-vault monster count
 E = Vault monster count
 F = Vault count percentage of total count
                 A         B        C        D         E       F
            +---------+---------+-------+---------+---------+-------
      Total |     141 |       0 |   0.0 |      37 |       0 |   0.0
            +---------+---------+-------+---------+---------+-------
        D:1 |      53 |       0 |   0.0 |      23 |       0 |   0.0
        D:2 |      88 |       0 |   0.0 |      14 |       0 |   0.0
            +---------+---------+-------+---------+---------+-------
